 Dungeon Crawl Stone Soup version 0.30.1-11-g7821555f0a (webtiles) character file.

Game seed: 18368090598872538213

42 ZeroWinrate the Digger (level 3, -6/19 HPs)
             Began as a Gargoyle Earth Elementalist on Nov 26, 2023.
             Mangled by a gnoll
             ... wielding a +0 halberd
              (12 damage)
             ... on level 3 of the Dungeon on Nov 27, 2023.
             The game lasted 00:02:14 (1070 turns).

ZeroWinrate the Digger (GrEE)                       Turns: 1070, Time: 00:02:15

Health: -6/19      AC:  5    Str: 11    XL:     3   Next: 54%
Magic:  6/6        EV: 11    Int: 17    God:
Gold:   59         SH:  0    Dex: 10    Spells: 5/6 levels left

rFire   . . .        g - +2 short sword (elec)
rCold   . . .        (no shield)
rNeg    + . .        a - +0 robe
rPois   ∞            (no helmet)
rElec   +            (no cloak)
rCorr   .            (no gloves)
SInv    .            (no boots)
Will    .....        (no amulet)
Stlth   ++           (no ring)
HPRegen 0.23/turn    (no ring)
MPRegen 0.10/turn

%: no passive effects
@: about to teleport
A: sickness immunity, AC +3, negative energy resistance 1, electricity
resistance, torment resistance 1, petrification resistance
a: no special abilities


You were on level 3 of the Dungeon.
You visited 1 branch of the dungeon, and saw 3 of its levels.

You collected 59 gold pieces.

Inventory:

Hand Weapons
 g - a +2 short sword of electrocution (weapon)
Armour
 a - a +0 robe (worn)
 h - a +1 cloak
Scrolls
 c - a scroll of identify {unknown}
 e - a scroll of teleportation
 f - a scroll of magic mapping {unknown}
Potions
 b - a potion of magic
 d - a potion of degeneration {unknown}
 i - a potion of flight {unknown}


   Skills:
 - Level 1.5 Dodging
 - Level 2.1 Stealth
 + Level 2.4 Spellcasting
 + Level 1.3 Transmutations
 + Level 4.6 Earth Magic


You had 5 spell levels left.
You knew the following spells:

 Your Spells              Type           Power      Damage    Failure   Level
a - Sandblast             Erth           34%        2d9       2%          1

Your spell library contained the following spells:

 Spells                   Type           Power      Damage    Failure   Level
 Passwall                 Tmut/Erth      10%        N/A       9%          2
 Stone Arrow              Conj/Erth      18%        3d8       22%         3
 Petrify                  Tmut/Erth      12%        N/A       47%         4


Dungeon Overview and Level Annotations

Branches:
Dungeon (3/15)

Altars:

Shops:
D:2 [


Innate Abilities, Weirdness & Mutations

You are immune to sickness and miasma.
Your stone body is resilient. (AC +3)
You are immune to poison.
You resist negative energy. (rN+)
You are resistant to electric shocks. (rElec)
You are resistant to unholy torment.
You are immune to petrification.


Message History

No target in view!
No target in view!
No target in view!
HP restored.
You see here a worm corpse.
A sourceless malevolence fills the Dungeon... and a teleportation trap spontaneously manifests!
You are yanked towards some nearby monsters!
Your surroundings suddenly seem different.
A ball python and 2 gnolls come into view.
Found a twisted lead wand.
There are monsters nearby!
There are monsters nearby!
There are monsters nearby!
The gnoll shouts! x2
You hit the gnoll.
The gnoll is moderately wounded.
The ball python hisses angrily.
The gnoll hits you with a +0 halberd!
Ouch! That really hurt!
* * * LOW HITPOINT WARNING * * *
Okay, then.
The gnoll attacks as you move away! The gnoll closely misses you.
Found a stone staircase leading down.
The gnoll closely misses you.
As you read the scroll labelled DOFITA WEECVO, it crumbles to dust.
You feel strangely unstable.
It was a scroll of teleportation.
The gnoll misses you.
A gnoll comes into view. It is wielding a +0 spear.
A gnoll comes into view. It is wielding a +0 halberd.
Unknown command.
Unknown command.
Unknown command.
Unknown command.
Unknown command.
Unknown command.
Unknown command.
Unknown command.
The ball python barely misses you. x2
The gnoll hits you from afar with a +0 halberd!
Ouch! That really hurt!
You die...

####### #.....#
...# #.....##
...# #......
....#
#.....##....#
#............
...##............
.......g.S.......
........g@#....
/.....g...# .
...###.#### ##


.gg #.#. #... . .. > You could see 4 gnolls and a ball python.

Vanquished Creatures
  2 worms
  4 dart slugs (D:2)
  2 ball pythons
  2 endoplasms (D:2)
  4 goblins (D:2)
  A hobgoblin (D:2)
  A quokka (D:2)
  4 bats (D:2)
  A frilled lizard (D:2)
  5 kobolds (D:2)
  A rat (D:2)
27 creatures vanquished.

Vanquished Creatures (others)
  A quokka (D:2)
1 creature vanquished.

Grand Total: 28 creatures vanquished

Notes
Turn   | Place    | Note
-------+----------+-------------------------------------------
     0 | D:1      | ZeroWinrate the Gargoyle Earth Elementalist began the quest
                  | for the Orb.
     0 | D:1      | Reached XP level 1. HP: 10/10 MP: 3/3
    19 | D:1      | You fall into a shaft and drop 1 floor!
   109 | D:2      | Found a faded altar of an unknown god.
   159 | D:2      | Reached skill level 4 in Earth Magic
   205 | D:2      | Reached XP level 2. HP: 8/15 MP: 3/5
   396 | D:2      | Reached skill level 1 in Transmutations
   576 | D:2      | Reached XP level 3. HP: 19/19 MP: 6/6
   582 | D:2      | Found Gimaog's Armour Shop.
  1070 | D:3      | Mangled by a gnoll

Illustrated notes

Levels and vault maps discovered:
D:1:      matt_arrival_spirals, layout_basic, chequers_jeans,
          minmay_misc_feat_pillars, roderic_roman_lattice,
          chequers_serial_rivers_marsh
D:2:      layout_loops_ring, serial_shops, nicolae_shop_trees,
          hellmonk_ecumenical_altar_crossroads, minivault_26,
          corexii_item_surrounded_by_moat, kennysheep_another_room
D:3:      layout_basic, gammafunk_ghost_split, uniq_grinder

Skill      XL: |  1  2 |
---------------+-------+-----
Earth Magic    | 4 |  4.6
Transmutations | 1 |  1.3
Dodging        | |  1.5
Stealth        | |  2.1
Spellcasting   | |  2.4

Action                     || total
---------------------------++-------
  Melee: Unarmed           ||    29
         Punch             ||     1
         Short sword       ||    36
   Cast: Sandblast         ||    17
    Use: Scroll            ||     1
   Stab: Sleeping          ||     2
 Armour: Robe              ||    19
  Dodge: Dodged            ||    36
